AoeStats
← 秦心酱是最强的

Fortress

511061389Analyzed
1v1 RM · 6h ago on Oct 3, 2026· 48m 16s· 2 players
Game mode
Random Map
Map size
Small (3 player)
Population
200
Speed
Normal
Resources
Standard
Victory
Conquest
Starting age
Dark Age
Ending age
Imperial Age
RankedLock teamsTeams togetherTeam positionsShared explorationLock speedFull tech treeHidden civsTurbo modeCheats
Victory
Defeat
1141
+16
🇫🇷 Gurjaras · France
1145
-16
秦心酱是最强的
4:40 Loom
7:51 Feudal Age
13:28 Castle Age
11:26 Horse Collar
12:49 Double-Bit Axe
13:30 Bloodlines
13:35 Forging
16:50 Bow Saw
17:46 Heavy Plow
27:30 Imperial Age
26:27 Scale Mail Armor
27:03 Iron Casting
26:37 Squires
26:23 Gambesons
27:38 Chain Mail Armor
28:30 Wheelbarrow
27:41 Town Watch
27:44 Gothikon
28:44 Gold Mining
30:06 Hand Cart
31:03 Blast Furnace
31:07 Plate Mail Armor
30:08 Elite Varangian Guard
32:15 Conscription
32:54 Stone Mining
36:47 Arson
37:25 Scale Barding Armor
41:22 Chain Barding Armor
41:07 Husbandry
40:50 Elite Jarl
42:16 Stone Shaft Mining
43:28 Plate Barding Armor
42:42 Vendel Legacy
gal.theo
6:46 Feudal Age
9:00 Double-Bit Axe
9:16 Horse Collar
12:05 Castle Age
10:51 Town Watch
13:15 Bow Saw
13:54 Heavy Plow
14:40 Wheelbarrow
18:19 Gold Mining
18:25 Loom
20:56 Gold Shaft Mining
25:03 Imperial Age
22:24 Loom
23:40 Hand Cart
23:34 Scale Barding Armor
24:47 Bloodlines
24:56 Forging
25:48 Chain Barding Armor
27:04 Chemistry
26:26 Ballistics
26:15 Heavy Camel Rider
28:19 Conscription
28:32 Stone Mining
29:08 Kshatriyas
29:17 Kshatriyas
30:21 Plate Barding Armor
31:01 Hoardings
31:12 Hoardings
30:30 Light Cavalry
31:38 Murder Holes
32:26 Iron Casting
32:13 Hussar
33:47 Fletching
34:25 Masonry
34:23 Bodkin Arrow
35:16 Bracer
38:17 Padded Archer Armor
39:15 Leather Archer Armor
40:03 Elite Skirmisher
48:46 Architecture
Connection lost

Rejoining the realm…

Still unreachable

The connection could not be restored.

Session expired

The server has moved on; the page needs a fresh start.